Map: Deathaura LE

Players

黑羽快斗 (ButAlways)

  • Race: Protoss Protoss
  • League: Grandmaster
  • Spawn Location: 5:00

Yoger - Winner!

  • Race: Zerg Zerg
  • League: Master
  • Spawn Location: 11:00

Event: DreamHack SC2 Masters 2020 Winter

VOD

Have the link to the VOD?

Description

Time

  • Played on: Oct. 21, 2020, 10:42 a.m.
  • Length: 16:22

All games in this series

Show
View Real Time Build Order
Export as new Build Order

黑羽快斗 Protoss 

Build Orders:  

Get SALT Encoding   

  12  0:00  Probe  
  13  0:12  Probe  
  14  0:17  Pylon  
  14  0:24  Probe (Chrono Boost)  
  15  0:36  Probe (Chrono Boost)  
  15  0:37  Gateway  
  16  0:45  Probe (Chrono Boost)  
  17  0:51  Assimilator, Probe  
  18  1:03  Probe  
  19  1:09  Forge  
  19  1:15  Probe  
  20  1:30  Pylon  
  20  1:31  Pylon  
  20  1:32  Pylon  
  20  1:34  Pylon  
  20  1:43  Pylon  
  20  1:46  Pylon  
  20  1:52  Pylon  
  20  1:53  Photon Cannon  
  20  2:00  Pylon  
  20  2:06  Cybernetics Core  
  20  2:09  Photon Cannon  
  20  2:11  Pylon, Probe  
  21  2:16  Assimilator  
  21  2:23  Probe  
  21  2:28  Pylon  
  22  2:32  Photon Cannon  
  23  2:39  Photon Cannon  
  23  2:41  Photon Cannon  
  23  2:42  Stalker (Chrono Boost)  
  22  2:51  Pylon  
  24  3:01  Stargate  
  24  3:06  Adept (Chrono Boost)  
  24  3:12  Warp Gate  
  26  3:14  Probe  
  26  3:26  Probe  
  27  3:28  Adept  
  29  3:37  Void Ray (Chrono Boost)  
  33  4:06  Nexus  
  33  4:07  Void Ray (Chrono Boost)  
  35  4:20  Probe  
  36  4:32  Probe  
  36  4:34  Adept  
  37  4:41  Void Ray  
  37  4:44  Probe  
  42  4:56  Probe  
  43  5:04  Pylon  
  43  5:08  Probe  
  44  5:18  Void Ray  
  44  5:21  Probe  
  45  5:25  Probe (Chrono Boost)  
  50  5:33  Probe (Chrono Boost)  
  51  5:37  Probe (Chrono Boost)  
  51  5:42  Probe (Chrono Boost)  
  53  5:44  Probe (Chrono Boost)  
  53  5:47  Probe (Chrono Boost)  
  49  5:52  Probe  
  49  5:55  Void Ray  
  50  5:59  Probe  
  55  6:08  Pylon  
  55  6:15  Nexus  
  55  6:19  Twilight Council  
  55  6:26  Probe x2 (Chrono Boost)  
  55  6:28  Photon Cannon  
  55  6:30  Robotics Facility  
  57  6:38  Protoss Ground Weapons Level 1 (Chrono Boost), Probe x2 (Chrono Boost)  
  59  6:40  Assimilator  
  59  6:42  Assimilator  
  59  6:46  Pylon  
  61  6:47  Probe x2 (Chrono Boost)  
  61  6:52  Probe  
  62  6:56  Charge (Chrono Boost)  
  62  7:04  Probe x2  
  64  7:11  Gateway  
  64  7:12  Gateway  
  64  7:13  Gateway  
  64  7:18  Gateway  
  64  7:23  Warp Prism (Chrono Boost)  
  64  7:24  Templar Archives  
  66  7:36  Gateway x2  
  66  7:42  Probe x3  
  69  7:47  Gateway  
  69  7:52  Observer  
  69  7:54  Probe x2  
  69  7:55  Probe  
  69  7:56  Psionic Storm, Pylon  
  73  8:06  Probe  
  73  8:07  Probe  
  73  8:08  High Templar  
  73  8:09  High Templar  
  73  8:10  Probe  
  80  8:18  Probe  
  80  8:19  Probe  
  82  8:20  Assimilator  
  82  8:22  Probe  
  82  8:23  Assimilator  
  82  8:26  Pylon  
  83  8:30  High Templar, Probe  
  83  8:32  Probe  
  87  8:36  Zealot x3  
  87  8:40  Pylon  
  93  8:48  Immortal (Chrono Boost)  
  97  8:54  High Templar  
  97  8:55  Pylon  
  99  9:01  Photon Cannon  
  99  9:06  High Templar  
  101  9:13  Protoss Ground Weapons Level 2  
  96  9:18  Photon Cannon  
  96  9:19  Photon Cannon  
  96  9:22  Photon Cannon  
  96  9:24  Shield Battery  
  96  9:25  Shield Battery  
  96  9:26  Observer (Chrono Boost)  
  96  9:27  High Templar, Zealot x3  
  96  9:28  Zealot  
  107  9:36  Zealot x2  
  99  9:44  Nexus  
  99  9:46  Immortal (Chrono Boost)  
  103  9:54  High Templar x2  
  107  10:00  High Templar, Zealot x3  
  107  10:05  Pylon  
  107  10:06  Zealot x2  
  87  10:26  High Templar x2, Zealot  
  87  10:27  Zealot x4  
  87  10:32  Archon  
  79  10:40  Immortal (Chrono Boost)  
  78  10:43  Zealot  
  78  10:45  Probe  
  78  10:47  Probe x2  
  70  10:51  Zealot x5  
  77  10:57  Probe  
  77  10:59  Probe x2  
  77  11:03  High Templar x2  
  82  11:06  Shield Battery  
  82  11:07  Zealot  
  82  11:08  Archon  
  82  11:10  Immortal (Chrono Boost)  
  88  11:13  Zealot  
  88  11:14  Zealot  
  88  11:16  High Templar  
  88  11:17  Probe  
  91  11:18  Probe  
  91  11:21  High Templar  
  91  11:22  Probe  
  89  11:29  Zealot x2  
  89  11:30  Probe  
  90  11:35  High Templar, Zealot x2  
  92  11:40  Zealot  
  86  11:50  Zealot x3, Immortal (Chrono Boost)  
  86  11:53  Observer  
  84  11:55  High Templar x2  
  84  12:00  Archon  
  86  12:03  High Templar  
  86  12:04  Zealot  
  88  12:11  Shield Battery  
  88  12:12  High Templar  
  88  12:13  Zealot x3, Shield Battery  
  96  12:25  Zealot  
  96  12:30  Zealot x2  
  96  12:36  Zealot x4  
  102  12:41  Observer  
  97  12:47  High Templar  
  98  12:53  High Templar  
  98  12:54  Zealot x2  
  98  12:57  Pylon  
  104  13:00  Immortal (Chrono Boost)  
  108  13:10  High Templar x2  
  112  13:15  Pylon  
  112  13:20  Zealot x5  
  122  13:30  Zealot  
  122  13:33  Observer  
  124  13:36  Immortal (Chrono Boost)  
  124  13:40  High Templar  
  118  14:01  High Templar  
  118  14:02  High Templar, Zealot x2  
  122  14:03  Zealot x2  
  122  14:04  Nexus, Observer (Chrono Boost)  
  122  14:07  Pylon  
  131  14:11  Archon  
  131  14:12  High Templar  
  133  14:18  Pylon  
  133  14:21  Pylon  
  133  14:22  Warp Prism (Chrono Boost), Pylon  
  135  14:31  Shield Battery  
  135  14:32  Shield Battery  
  135  14:33  High Templar x2  
  139  14:46  Zealot x4  
  143  14:59  Immortal (Chrono Boost)  
  143  15:02  High Templar x2  
  137  15:16  Probe x3  
  137  15:17  Probe  
  135  15:25  Assimilator  
  135  15:27  Photon Cannon  
  135  15:28  Photon Cannon, Probe x3  
  136  15:29  Assimilator, Archon  
  136  15:31  High Templar x3  
  136  15:33  Archon  
  136  15:35  High Templar  
  136  15:47  Photon Cannon x2  
  132  15:54  High Templar  
  132  15:55  Zealot x3  
  102  16:04  Zealot x3  
  95  16:12  Archon  
  95  16:13  Zealot  
Show
View Real Time Build Order
Export as new Build Order

Yoger Zerg - Winner!

Build Orders: Hatch First 

Get SALT Encoding   

  12  0:00  Drone  
  13  0:12  Overlord  
  13  0:17  Drone  
  14  0:31  Drone x2  
  16  0:48  Hatchery  
  15  0:53  Drone  
  15  0:55  Drone  
  17  0:58  Drone  
  18  1:10  Extractor  
  17  1:14  Spawning Pool  
  17  1:18  Drone  
  17  1:20  Drone  
  18  1:28  Drone  
  19  1:41  Drone  
  20  1:56  Hatchery  
  20  1:58  Overlord  
  20  2:01  Queen  
  20  2:08  Extractor, Zergling x2  
  22  2:14  Metabolic Boost  
  23  2:19  Spine Crawler  
  23  2:22  Zergling x4  
  24  2:34  Drone  
  25  2:39  Queen  
  27  2:50  Drone  
  27  2:58  Drone  
  28  3:10  Queen  
  28  3:11  Drone  
  30  3:15  Queen  
  30  3:18  Zergling x4, Spine Crawler  
  32  3:25  Overlord  
  32  3:32  Drone  
  32  3:33  Drone  
  34  3:36  Spine Crawler  
  34  3:39  Drone  
  34  3:41  Spore Crawler  
  33  3:42  Drone  
  33  3:50  Queen  
  33  3:54  Drone  
  33  3:55  Drone  
  34  4:10  Drone  
  34  4:12  Drone  
  34  4:13  Drone  
  34  4:14  Drone x3  
  40  4:20  Queen  
  40  4:22  Spore Crawler  
  41  4:24  Drone  
  41  4:26  Drone  
  41  4:27  Drone  
  44  4:31  Overlord  
  44  4:37  Overlord  
  44  4:51  Overlord x2  
  42  4:55  Queen, Overlord  
  44  5:01  Overlord  
  44  5:04  Lair  
  44  5:13  Drone x6  
  50  5:17  Drone  
  51  5:22  Drone  
  52  5:34  Drone x4  
  56  5:37  Queen  
  56  5:38  Extractor  
  56  5:40  Extractor  
  56  5:41  Extractor  
  56  5:42  Drone x2  
  57  5:47  Drone x2  
  57  6:07  Drone x2  
  57  6:10  Hatchery  
  57  6:11  Queen  
  58  6:13  Queen  
  58  6:15  Drone x2, Hydralisk Den  
  58  6:16  Evolution Chamber  
  60  6:20  Evolution Chamber  
  59  6:30  Extractor  
  59  6:31  Drone x3  
  59  6:32  Drone x2  
  63  6:33  Overseer  
  63  6:35  Drone  
  64  6:41  Drone x4  
  64  6:46  Grooved Spines  
  68  6:47  Spore Crawler x2, Zerg Missile Weapons Level 1  
  68  6:52  Drone x2  
  68  7:03  Overlord x2  
  68  7:04  Zerg Ground Armor Level 1  
  68  7:08  Extractor  
  68  7:10  Extractor  
  66  7:22  Drone x6, Queen  
  70  7:27  Drone  
  73  7:37  Drone x4  
  75  7:42  Hydralisk x2  
  81  7:48  Overlord x2  
  81  7:54  Overlord x2  
  81  7:58  Muscular Augments  
  81  8:09  Hydralisk x7  
  81  8:10  Hydralisk  
  97  8:16  Hydralisk  
  99  8:21  Drone, Hydralisk  
  102  8:30  Hydralisk x4  
  102  8:31  Hatchery  
  109  8:37  Hydralisk x2  
  109  8:40  Overlord x3  
  113  8:46  Zerg Missile Weapons Level 2  
  113  8:56  Overlord x3  
  113  9:02  Hydralisk  
  113  9:03  Hydralisk x5  
  125  9:16  Hydralisk x5  
  127  9:22  Hydralisk x3  
  141  9:27  Hydralisk x2  
  145  9:38  Hydralisk x4  
  145  9:43  Overlord  
  145  9:44  Overlord  
  153  9:48  Hydralisk  
  153  9:49  Hydralisk  
  153  9:51  Hydralisk  
  159  9:55  Hydralisk  
  159  9:56  Hydralisk  
  151  10:17  Hydralisk x9  
  147  10:25  Hydralisk x3  
  141  10:38  Hydralisk  
  141  10:39  Hydralisk x5  
  129  10:50  Hydralisk  
  129  10:51  Hydralisk x4  
  135  10:59  Hydralisk  
  135  11:00  Hydralisk x2  
  131  11:04  Hydralisk x2  
  131  11:06  Zergling x2  
  131  11:07  Zergling x4  
  136  11:16  Hydralisk  
  136  11:17  Hydralisk x3  
  130  11:26  Hydralisk  
  130  11:27  Hydralisk x2  
  134  11:34  Hydralisk x2  
  134  11:35  Zergling x12  
  139  11:44  Hydralisk x2  
  139  11:45  Hydralisk x2  
  140  11:53  Hydralisk  
  140  11:54  Hydralisk x2  
  119  12:01  Hydralisk  
  119  12:02  Hydralisk x2  
  119  12:05  Hydralisk  
  119  12:06  Zergling x10  
  128  12:09  Hydralisk  
  128  12:15  Hydralisk x2  
  130  12:18  Hydralisk  
  130  12:19  Zergling x8  
  135  12:34  Hydralisk x5  
  135  12:36  Zergling x4  
  135  12:45  Hydralisk x2  
  135  12:46  Zergling x4  
  135  12:50  Queen x2  
  143  12:52  Hydralisk x2  
  147  13:01  Hydralisk  
  149  13:07  Drone, Hydralisk  
  149  13:08  Baneling Nest, Zergling x10  
  149  13:11  Hydralisk  
  158  13:23  Hydralisk  
  158  13:24  Hydralisk x5  
  168  13:34  Hydralisk  
  168  13:35  Hydralisk x4  
  178  13:43  Zergling x10  
  182  13:50  Centrifical Hooks  
  182  13:52  Zerg Melee Weapons Level 1  
  179  13:58  Drone x3  
  182  14:09  Drone  
  184  14:10  Drone  
  184  14:11  Extractor x2  
  184  14:13  Overlord  
  184  14:14  Overlord  
  182  14:25  Baneling  
  182  14:26  Baneling x9  
  182  14:27  Hatchery  
  182  14:29  Zergling x6  
  184  14:38  Drone x3  
  184  14:39  Drone x3  
  184  14:43  Zergling x14  
  193  14:56  Zergling x2  
  193  14:57  Zergling x14  
  200  15:00  Baneling x3  
  200  15:01  Baneling x7  
  197  15:13  Hydralisk x7  
  196  15:16  Zergling x12  
  196  15:19  Baneling  
  196  15:20  Baneling x13  
  196  15:21  Baneling x8  
  199  15:23  Baneling x7  
  198  15:31  Baneling x2  
  198  15:32  Zergling x8  
  198  15:41  Zergling x2  
  199  15:43  Baneling x7  
  199  15:44  Baneling x5  
  191  15:57  Zergling x4  
  191  15:58  Zergling x14  
Tags
 
Add a new tag
Caveats
  • Supply blocks, unpowered buildings, or Contaminate may cause inaccurate times.
  • Supply counts are checked every 10 seconds.